 Dungeon Crawl Stone Soup version 0.22.1-2-g9c5b331 (webtiles) character file.

4 MalarOregon the Insei (level 1, 0/15 HPs)
             Began as a Merfolk Transmuter on Nov 25, 2018.
             Slain by a leopard gecko (1 damage)
             ... on level 1 of the Dungeon.
             The game lasted 00:00:28 (56 turns).

MalarOregon the Insei (Merfolk Transmuter)            Turns: 56, Time: 00:00:29

Health: 0/15       AC:  2    Str: 10    XL:     1   Next: 70%
Magic:  2/3        EV: 13    Int: 12    God:
Gold:   0          SH:  0    Dex: 14    Spells: 3/4 levels left

rFire    . . .     SeeInvis .     - Unarmed
rCold    . . .     Gourm    .   (no shield)
rNeg     . . .     Faith    .   b - +0 robe
rPois    .         Spirit   .   (no helmet)
rElec    .         Reflect  .   (no cloak)
rCorr    .         Harm     .   (no gloves)
MR       .....                  (no boots)
Stlth    +.........             (no amulet)
HPRegen  0.05/turn              (no ring)
MPRegen  0.08/turn              (no ring)

@: appendage
A: change form in water, swift swim, stealthy swim, horns 2
a: End Transformation


You were on level 1 of the Dungeon.
You were not hungry.
You had grown temporary horns.
You visited 1 branch of the dungeon, and saw 1 of its levels.

Inventory:

Missiles
 a - 12 arrows
Armour
 b - a +0 robe (worn)
Comestibles
 c - 2 chunks of flesh
 e - a ration {!d}


   Skills:
 + Level 1.2 Fighting
 + Level 0.0 Armour
 + Level 2.7 Dodging
 * Level 3.3 Unarmed Combat
 + Level 2.0 Spellcasting
 * Level 2.8 Transmutations


You had 3 spell levels left.
You knew the following spells:

 Your Spells              Type           Power        Failure   Level  Hunger
a - Beastly Appendage     Tmut           #.....       9%          1    ##.....

Your spell library contained the following spells:

 Spells                   Type           Power        Failure   Level  Hunger
 Sticks to Snakes         Tmut           #.......     13%         2    ###....
 Spider Form              Tmut/Pois      #.........   41%         3    ####...
 Ice Form                 Ice/Tmut       #.......     83%         4    #####..
 Blade Hands              Tmut           #.........   93%         5    ######.


Dungeon Overview and Level Annotations

Branches:
Dungeon (1/15)

Altars:


Innate Abilities, Weirdness & Mutations

You revert to your normal form in water.
You are very nimble and swift while swimming.
You are very stealthy in the water. (Stealth+)
You have a pair of horns on your head.


Message History

You barely miss the frilled lizard. The frilled lizard closely misses you.
You hit the frilled lizard.
You kill the frilled lizard!
No target in view!
You butcher the frilled lizard corpse.
c - 2 chunks of flesh (gained 1)
You see here a frilled lizard skeleton. x2
Your horns disappear.
A dart slug comes into view.
A dart slug is nearby!
A dart slug is nearby!
A leopard gecko comes into view.
The leopard gecko hisses angrily.
The leopard gecko moves out of view.
The dart slug launches a dart at you. The slug dart hits you!
You grow a pair of large bovine horns.
The dart slug launches a dart at you. The slug dart hits you!
* * * LOW HITPOINT WARNING * * *
You are too injured to fight recklessly!
The dart slug misses you.
You hit the dart slug. Your headbutt misses the dart slug.
Your transformation is almost over.
You hit the dart slug but do no damage. You headbutt the dart slug.
The dart slug bites you but does no damage.
You hit the dart slug. The leopard gecko closely misses you.
The dart slug barely misses you.
You hit the dart slug.
You kill the dart slug!
The leopard gecko barely misses you.
You hit the leopard gecko. The leopard gecko misses you.
You barely miss the leopard gecko. The leopard gecko closely misses you.
You closely miss the leopard gecko. The leopard gecko barely misses you.
The leopard gecko closely misses you.
You miss the leopard gecko. The leopard gecko closely misses you.
You closely miss the leopard gecko. Your headbutt misses the leopard gecko.
The leopard gecko bites you.
* * * LOW HITPOINT WARNING * * *
You barely miss the leopard gecko. The leopard gecko barely misses you.
Your horns disappear.
You see here a dart slug corpse.
You miss the leopard gecko. The leopard gecko closely misses you.
You barely miss the leopard gecko. The leopard gecko bites you.
* * * LOW HITPOINT WARNING * * *
The leopard gecko closely misses you.
You grow a pair of large bovine horns.
The leopard gecko closely misses you.
You barely miss the leopard gecko. Your headbutt misses the leopard gecko.
The leopard gecko bites you.
You die...

### ##.## ...# #..# #
#..# # ##.#.##..##.#
...#....l@..#.#
.##.......#†#####..
..........#.####...
.....................
##..##...#...#......#.
.........#............
........).............
.............#.###....
...............# ....


You could see a leopard gecko.

Vanquished Creatures
  A dart slug (D:1)
  A bat (D:1)
  A frilled lizard (D:1)
3 creatures vanquished.

Notes
Turn   | Place    | Note
-------+----------+-------------------------------------------
     0 | D:1      | MalarOregon the Merfolk Transmuter began the quest for the
                  | Orb.
     0 | D:1      | Reached XP level 1. HP: 15/15 MP: 3/3
    56 | D:1      | Slain by a leopard gecko

Action                   || total
-------------------------++-------
Melee: Unarmed           ||    20
       Headbutt          ||     1
 Cast: Beastly Appendage ||     3
Armor: Robe              ||     4
Dodge: Dodged            ||    20
